 Dungeon Crawl Stone Soup version 0.28-a0-1387-g3a22ab9bdc (webtiles) character file.

Game seed: 2191061096677409039

15 lunkers the Chopper (level 2, -2/27 HPs)
             Began as a Minotaur Cinder Acolyte on Jan 2, 2022.
             Was a High Priest of Ignis.
             Slain by an adder (3 damage)
             ... on level 1 of the Dungeon.
             The game lasted 00:00:45 (777 turns).

lunkers the Chopper (Minotaur Cinder Acolyte)        Turns: 777, Time: 00:00:46

Health: -2/27      AC:  2    Str: 18    XL:     2   Next: 34%
Magic:  2/2        EV: 11    Int: 11    God:    Ignis [*****.]
Gold:   33         SH:  0    Dex:  5    Spells: 3/3 levels left

rFire   + . .      SeeInvis .   a - -1 hand axe (flame)
rCold   . . .      Faith    .   (no shield)
rNeg    . . .      Spirit   .   b - +0 robe
rPois   .          Reflect  .   (helmet restricted)
rElec   .          Harm     .   (no cloak)
rCorr   .          Rampage  .   (no gloves)
Will    .....                   (no boots)
Stlth   +.........              (no amulet)
HPRegen 0.09/turn               (no ring)
MPRegen 0.08/turn               (no ring)

@: lethally poisoned (-2 -> -5)
A: horns 2, retaliatory headbutt
a: Renounce Religion, Fiery Armour, Foxfire Swarm, Rising Flame


You were on level 1 of the Dungeon.
You worshipped Ignis.
Ignis was extremely pleased with you.
You visited 1 branch of the dungeon, and saw 2 of its levels.

You collected 33 gold pieces.

Inventory:

Hand Weapons
 a - a -1 hand axe of flaming (weapon)
Missiles
 c - 34 stones (quivered)
Armour
 b - a +0 robe (worn)
Scrolls
 d - a scroll of brand weapon {unknown}


   Skills:
 + Level 4.0 Fighting
 * Level 4.3 Axes
 - Level 1.0 Spellcasting
 - Level 2.1 Fire Magic


You had 3 spell levels left.
You didn't know any spells.
Your spell library contained the following spells:

 Spells                   Type           Power      Damage    Failure   Level
 Scorch                   Fire           10%        2d6       21%         2
 Gell's Gravitas          Tloc           0%         N/A       67%         3
 Teleport Other           Tloc           0%         N/A       67%         3
 Dispersal                Tloc           0%         N/A       100%        6


Dungeon Overview and Level Annotations

Branches:
Dungeon (2/15)

Altars:

Shops:
D:1 =


Innate Abilities, Weirdness & Mutations

You have a pair of horns on your head.
You reflexively headbutt those who attack you in melee.


Message History

You furiously retaliate!
You headbutt the adder. You hit the bat. You burn the bat.
You kill the bat!
You miss the adder. x2; The adder barely misses you. x2
You furiously retaliate!
You headbutt the adder. You barely miss the adder.
The adder is moderately wounded.
You miss the adder. The adder bites you but does no damage.
The adder bites you. x3
* * * LOW HITPOINT WARNING * * *
There is a stone staircase leading up here.
You open the door. The adder bites you.
* * * LOW HITPOINT WARNING * * *
The adder barely misses you. The adder bites you.
* * * LOW HITPOINT WARNING * * *
You are poisoned.
The adder poisons you! The adder completely misses you.
You furiously retaliate!
You headbutt the adder, but do no damage.
Unknown command.
You feel sick. The adder bites you.
* * * LOW HITPOINT WARNING * * *
You are lethally poisoned!
The adder poisons you! The adder barely misses you.
The hobgoblin closely misses you.
You climb upwards.
* * * LOW HITPOINT WARNING * * *
You feel sick.
There is a stone staircase leading down here.
Unknown command.
You aren't carrying any potions.
Unknown command.
You aren't carrying any potions.
Unknown command.
* * * LOW HITPOINT WARNING * * *
You feel sick. The adder bites you.
* * * LOW HITPOINT WARNING * * *
* * * LOW HITPOINT WARNING * * *
You feel sick. The adder bites you.
You die...

..########......# #.# #.# #.#
#......#..#.# #.# #.# #.#
######.#..#.#####.#####.#
#.########.#..........).....#
#.....................#######
........##.##...#######
..>.....##..#...#
#.#########.#...######## .##
#....#...@......# .#
##.∩.#.gS##.#####
P#######....#..S##.#
#.'....#..#.#..#.#.#
..####.###'##..#)#.# ..#
#.........##...# ..#
#.........##.### ..#
#.........##.#
..###.........##.#


You could see 2 adders and a hobgoblin.

Vanquished Creatures
  5 endoplasms (D:1)
  A goblin (D:1)
  2 hobgoblins (D:1)
  A ball python (D:1)
  3 bats
  2 rats (D:1)
14 creatures vanquished.

Vanquished Creatures (others)
  2 demonic plants (D:1)
2 creatures vanquished.

Grand Total: 16 creatures vanquished

Notes
Turn   | Place    | Note
-------+----------+-------------------------------------------
     0 | D:1      | lunkers the Minotaur Cinder Acolyte began the quest for the
                  | Orb.
     0 | D:1      | Reached XP level 1. HP: 19/19 MP: 1/1
   215 | D:1      | Found Sykoo's Jewellery Emporium.
   249 | D:1      | Found a faded altar of an unknown god.
   371 | D:1      | Reached XP level 2. HP: 27/27 MP: 2/2
   777 | D:1      | HP: 1/27 [poisoned by an adder]
   777 | D:1      | Slain by an adder

Illustrated notes

Levels and vault maps discovered:
D:1:      sevenhm_arrival_forest_fort_small_5, layout_basic,
          shapermc_ecumenical_altar_gd, serial_shops, nicolae_shop_stone
D:2:      layout_basic, uniq_robin

Skill      XL: |  1  2 |
---------------+-------+-----
Axes           | 4 |  4.3
Fighting       | 4 |  4.0
Spellcasting   | |  1.0
Fire Magic     | |  2.1

Action                   || total
-------------------------++-------
Melee: Hand axe          ||    19
       Headbutt          ||     1
Throw: Stone             ||    17
Armor: Robe              ||     5
Dodge: Dodged            ||    21

Table legend: (Time is in decaauts)
 A = Elapsed time spent in this place.
 B = Non-inter-level travel time spent in this place.
 C = Inter-level travel time spent in this place.
 D = Time resting spent in this place.
 E = Time spent auto-exploring this place.
 F = Levels seen in this place.
 G = Mean time per level.
                   A        B        C        D        E       F      G
               +--------+--------+--------+--------+--------+-----+--------+
         Total |    783 |    751 |     32 |      0 |    670 |   2 |  391.5 |
       Dungeon |    783 |    751 |     32 |      0 |    670 |   2 |  391.5 |
               +--------+--------+--------+--------+--------+-----+--------+

Top non-repeatable levels by time:
     D:1: 772 daAuts
     D:2: 11 daAuts
